 Dungeon Crawl Stone Soup version 0.27-a0-1332-g84bddb5ca7 (webtiles) character file.

Game seed: 16329900709765747779

211 pyrow613 the Skirmisher (level 5, -3/46 HPs)
             Began as a Demigod Fighter on June 25, 2021.
             Slain by a gnoll (8 damage)
             ... on level 3 of the Dungeon.
             The game lasted 00:03:06 (2636 turns).

pyrow613 the Skirmisher (Demigod Fighter)           Turns: 2636, Time: 00:03:07

Health: -3/46      AC:  6    Str: 21    XL:     5   Next: 31%
Magic:  7/7        EV:  7    Int: 10    God:
Gold:   40         SH:  9    Dex: 13    Spells: 4/4 levels left

rFire    . . .     SeeInvis +   a - +0 war axe
rCold    . . .     Faith    .   c - +0 kite shield
rNeg     . . .     Spirit   .   b - +0 scale mail
rPois    .         Reflect  .   (no helmet)
rElec    .         Harm     .   (no cloak)
rCorr    .         Rampage  .   (no gloves)
Will     .....                  (no boots)
Stlth    ..........             (no amulet)
HPRegen  0.15/turn              i - ring of see invisible
MPRegen  0.10/turn              (no ring)

@: no status effects
A: high mp 1, forlorn
a: no special abilities


You were on level 3 of the Dungeon.
You visited 1 branch of the dungeon, and saw 3 of its levels.

You collected 40 gold pieces.

Inventory:

Hand Weapons
 a - a +0 war axe (weapon)
Missiles
 e - 15 poisoned darts (quivered)
Armour
 b - a +0 scale mail (worn)
 c - a +0 kite shield (worn)
Jewellery
 i - a ring of see invisible (left hand)
Scrolls
 f - 3 scrolls of identify {unknown}
 h - a scroll of immolation {unknown}
 j - a scroll of magic mapping {unknown}
 n - a scroll of blinking {unknown}
Potions
 d - 2 potions of might
 g - 2 potions of ambrosia {unknown}
 k - a potion of brilliance {unknown}
 l - a potion of curing {unknown}
 m - a potion of lignification {unknown}
 o - 2 potions of mutation {unknown}


   Skills:
 * Level 4.0 Fighting
 * Level 3.3 Axes
 + Level 3.3 Armour
 + Level 3.3 Shields


You had 4 spell levels left.
You didn't know any spells.
Your spell library was empty.

Dungeon Overview and Level Annotations

Branches:
Dungeon (3/15)


Innate Abilities, Weirdness & Mutations

Your attributes grow dramatically as you level up.
You have an increased reservoir of magic. (+10% MP)
You shall have no god before yourself.


Message History

You slash the gnoll!
You kill the gnoll!
You hit the gnoll. The gnoll hits you with a +0 whip.
The gnoll hits you from afar with a +0 halberd!
The gnoll hits you but does no damage. The gnoll closely misses you.
The jackal barely misses you. The gnoll hits you with a +0 halberd.
You block the jackal's attack. The jackal barely misses you.
The gnoll hits you with a +0 halberd!
You barely miss the gnoll. You barely miss the jackal. You hit the jackal.
You block the jackal's attack. x2
The jackal bites you but does no damage.
The gnoll closely misses you.
The jackal bites you but does no damage.
You hit the gnoll.
The gnoll is lightly wounded.
You closely miss the jackal. You hit the gnoll but do no damage.
You closely miss the jackal. The jackal bites you.
The jackal bites you but does no damage.
You block the gnoll's attack. The gnoll hits you with a +0 whip.
* * * LOW HITPOINT WARNING * * *
The jackal barely misses you. x2; The gnoll hits you but does no damage.
The gnoll closely misses you. You block the jackal's attack.
You closely miss the gnoll.
The gnoll is lightly wounded.
You closely miss the jackal. You hit the gnoll. You closely miss the jackal.
The jackal barely misses you. You block the jackal's attack. x2
The gnoll hits you with a +0 halberd.
* * * LOW HITPOINT WARNING * * *
The gnoll hits you with a +0 whip.
* * * LOW HITPOINT WARNING * * *
The jackal barely misses you. The jackal bites you.
* * * LOW HITPOINT WARNING * * *
You hit the gnoll.
The gnoll is heavily wounded.
You hit the jackal but do no damage. You hit the gnoll.
You closely miss the jackal. You block the gnoll's attack.
The gnoll hits you with a +0 whip.
* * * LOW HITPOINT WARNING * * *
You block the jackal's attack. x2; The gnoll hits you with a +0 halberd!
You die...

.... .........
###....... .........
.....#.########## #####
)....#!.........#
....###...#....g@$.....#
###.)<..###....hgh.....#
....#).###.....).......#
..).).........#.########
...)..........#.#
...)).......[.....
...)..............
...................
...................#


You could see 2 gnolls and 2 jackals.

Vanquished Creatures
  Natasha (thrice) (D:3)
  Robin (D:3)
  An adder (D:2)
  4 gnolls (D:3)
  3 worms (D:2)
  2 dart slugs
  4 orcs
  8 endoplasms
  4 giant cockroaches
  4 hobgoblins
  3 jackals
  3 kobolds
  A quokka (D:1)
  2 ball pythons (D:1)
  2 bats
  3 frilled lizards
  11 goblins
  2 rats
61 creatures vanquished.

Notes
Turn   | Place    | Note
-------+----------+-------------------------------------------
     0 | D:1      | pyrow613 the Demigod Fighter began the quest for the Orb.
     0 | D:1      | Reached XP level 1. HP: 18/18 MP: 3/3
   779 | D:1      | Reached XP level 2. HP: 24/25 MP: 4/4
   928 | D:1      | Reached skill level 3 in Fighting
  1302 | D:2      | Reached XP level 3. HP: 30/31 MP: 5/5
  1836 | D:3      | Noticed Natasha
  1847 | D:3      | Killed Natasha
  1848 | D:3      | Reached XP level 4. HP: 9/38 MP: 6/6
  2107 | D:3      | Noticed Natasha
  2114 | D:3      | Killed Natasha
  2114 | D:3      | Noticed Natasha
  2121 | D:3      | Killed Natasha
  2231 | D:3      | Reached XP level 5. HP: 20/46 MP: 7/7
  2248 | D:3      | Noticed Robin
  2407 | D:2      | Reached skill level 4 in Fighting
  2525 | D:3      | Killed Robin
  2636 | D:3      | Slain by a gnoll

Illustrated notes

Levels and vault maps discovered:
D:1:      grunt_arrival_crossed_arrows, layout_loops_cross
D:2:      layout_basic
D:3:      cheibrodos_pilgrimage, layout_rooms, gammafunk_ghost_gnarly_gnolls,
          supply_closet_lemuel, kennysheep_orc_chapel, uniq_natasha, uniq_robin

Skill      XL: |  1  2  3  4  5 |
---------------+----------------+-----
Axes           | 2 3 |  3.3
Fighting       | 3 4 |  4.0
Shields        | 3 |  3.3
Armour         | 3 |  3.3

Action                   |  1- 3 |  4- 6 || total
-------------------------+-------+-------++-------
Melee: War axe           |    93 |    44 ||   137
Armor: Scale mail        |    31 |    23 ||    54
Dodge: Dodged            |    34 |    28 ||    62
Block: Kite shield       |    49 |    36 ||    85

Table legend: (Time is in decaauts)
 A = Elapsed time spent in this place.
 B = Non-inter-level travel time spent in this place.
 C = Inter-level travel time spent in this place.
 D = Time resting spent in this place.
 E = Time spent auto-exploring this place.
 F = Levels seen in this place.
 G = Mean time per level.
                   A        B        C        D        E       F      G
               +--------+--------+--------+--------+--------+-----+--------+
         Total |   2731 |   2712 |     19 |   1025 |   1284 |   3 |  910.3 |
       Dungeon |   2731 |   2712 |     19 |   1025 |   1284 |   3 |  910.3 |
               +--------+--------+--------+--------+--------+-----+--------+

Top non-repeatable levels by time:
     D:1: 1298 daAuts
     D:2: 1073 daAuts
     D:3: 359 daAuts
